 Dungeon Crawl Stone Soup version 0.31-a0-700-gf13585253f (webtiles) character file.

Game seed: 6459095784538037653

143 qw the Shooter (level 5, 0/32 HPs)
             Began as a Gargoyle Hunter on Sept 7, 2023.
             Slain by a gnoll
             ... wielding a +0 spear
              (2 damage)
             ... on level 3 of the Dungeon.
             The game lasted 00:00:40 (1958 turns).

qw the Shooter (Gargoyle Hunter)                    Turns: 1958, Time: 00:00:41

Health: 0/32       AC: 10    Str: 14    XL:     5   Next: 25%
Magic:  5/5        EV: 10    Int: 10    God:
Gold:   28         SH:  0    Dex: 15    Spells: 4/4 levels left

rFire   . . .        Y - +1 shortbow
rCold   . . .        (shield currently unavailable)
rNeg    + . .        h - +0 ring mail
rPois   inf          (no helmet)
rElec   +            (no cloak)
rCorr   .            (no gloves)
SInv    .            e - +0 pair of boots
Will    .....        (no amulet)
Stlth   +            (no ring)
HPRegen 0.25/turn    (no ring)
MPRegen 0.09/turn

%: no passive effects
@: about to teleport
A: sickness immunity, AC +4, negative energy resistance 1, electricity
resistance, torment resistance 1, petrification resistance
a: no special abilities


You were on level 3 of the Dungeon.
You visited 1 branch of the dungeon, and saw 3 of its levels.

You collected 78 gold pieces.
You spent 50 gold pieces at shops.


Innate Abilities, Weirdness & Mutations

You are immune to sickness and miasma.
Your stone body is resilient. (AC +4)
You are immune to poison.
You resist negative energy. (rN+)
You are resistant to electric shocks. (rElec)
You are resistant to unholy torment.
You are immune to petrification.


   Skills:
 - Level 3.0 Fighting
 + Level 5.9 Ranged Weapons
 - Level 1.0 Armour
 - Level 1.5 Dodging
 - Level 1.1 Stealth


You had 4 spell levels left.
You didn't know any spells.
Your spell library was empty.

Inventory:

Hand Weapons
 Y - a +1 shortbow (weapon)
Armour
 a - a +0 robe of cold resistance
 e - a +0 pair of boots (worn)
 h - a +0 ring mail (worn)
Jewellery
 f - an amulet of magic regeneration
Scrolls
 b - a scroll of identify
Potions
 d - 2 potions of degeneration {unknown}

Dungeon Overview and Level Annotations

Branches:
Dungeon (3/15)

Altars:

Shops:
D:2 ?

Annotations:
D:3 1 runed translucent door, Crazy Yiuf


Message History

The arrow barely misses the gnoll.
The arrow closely misses the gnoll.
The adder barely misses you.
You shoot an arrow.
The arrow hits the adder but does no damage.
The adder is almost dead.
The gnoll hits you from afar with a +0 spear.
The adder bites you but does no damage. The gnoll barely misses you.
The gnoll hits you from afar with a +0 spear. x2
The adder bites you but does no damage.
You shoot an arrow. The arrow barely misses the adder.
The arrow hits the gnoll.
The gnoll is heavily wounded.
The adder bites you but does no damage.
The gnoll hits you from afar with a +0 spear!
The gnoll closely misses you. x2
You shoot an arrow. The arrow barely misses the adder.
The arrow closely misses the gnoll.
The adder closely misses you.
The gnoll hits you from afar with a +0 spear. x2
The gnoll completely misses you. The adder barely misses you.
You shoot an arrow. The arrow hits the adder!
You kill the adder!
The gnoll closely misses you. The gnoll hits you with a +0 club.
The gnoll hits you but does no damage.
You shoot an arrow. The arrow hits the gnoll!
The gnoll is severely wounded.
The gnoll hits you but does no damage. The gnoll closely misses you.
The gnoll barely misses you. The gnoll hits you with a +0 club.
The gnoll barely misses you. The gnoll hits you but does no damage.
1956 ||| READING scroll of teleportation.
As you read the scroll of teleportation, it crumbles to dust.
You feel strangely unstable. The gnoll barely misses you.
The gnoll hits you but does no damage. x2
You shoot an arrow. The arrow closely misses the gnoll.
The gnoll barely misses you. The gnoll hits you with a +0 club.
The gnoll barely misses you.
You shoot an arrow. The arrow hits the gnoll.
You kill the gnoll!
The gnoll barely misses you.
The gnoll hits you from afar with a +0 spear.
You die...

#.#### #.#... #.#.## ##
#.#[## ...########
######.....
..........####..........
....................#.##
.....g.)..........#.#.#
.....g%@..####.##.#.#.#
......).........#.#...#
..........>.###.#.###.#
............# #.#.# ###
#########..## #.#.# ####
#..####.#.# #...
#..##...#.# #.##
#..##.###.# #.#
#..##.###.###)##


You could see 2 gnolls.

Vanquished Creatures
  Jessica (D:3)
  2 gnolls (D:3)
  5 adders
  A worm (D:2)
  2 dart slugs
  6 orcs (D:3)
  5 endoplasms
  A giant cockroach (D:1)
  4 goblins
  5 hobgoblins
  2 jackals (D:1)
  A quokka (D:2)
  2 ball pythons
  5 bats
  2 frilled lizards (D:2)
  A kobold (D:2)
  6 rats
51 creatures vanquished.

Notes
Turn   | Place    | Note
-------+----------+-------------------------------------------
     0 | D:1      | qw the Gargoyle Hunter began the quest for the Orb.
     0 | D:1      | Reached XP level 1. HP: 12/12 MP: 1/1
     0 | D:1      | 0 ||| qw: Version: 0.3-a-76-g4403597
     0 | D:1      | 0 ||| qw: Game counter: 491
     0 | D:1      | 0 ||| qw: Melee chars always use a shield: true
     0 | D:1      | 0 ||| qw: God list: Okawaru
     0 | D:1      | 0 ||| qw: Allow faded altars: false
     0 | D:1      | 0 ||| qw: Do Orc after clearing Dungeon:15 true
     0 | D:1      | 0 ||| qw: Do second Lair branch before Depths: true
     0 | D:1      | 0 ||| qw: Lair rune preference: random
     0 | D:1      | 0 ||| qw: Goals: Normal
     0 | D:1      | 0 ||| PLANNING D:1-11
   113 | D:1      | Reached XP level 2. HP: 16/17 MP: 2/2
   453 | D:1      | Reached XP level 3. HP: 21/21 MP: 3/3
   658 | D:1      | 658 ||| UPGRADING to +0 pair of boots.
   663 | D:1      | 663 ||| UPGRADING to +0 ring mail.
   673 | D:1      | 673 ||| DROPPING +0 leather armour.
   674 | D:1      | 674 ||| READING scroll labelled ROGRIONLORPH.
   675 | D:1      | 675 ||| READING scroll labelled IQELARA PUIPOUL.
   676 | D:1      | 676 ||| DROPPING scroll of butterflies.
   736 | D:2      | Reached skill level 1 in Armour
   808 | D:2      | Reached skill level 5 in Ranged Weapons
   845 | D:2      | Reached XP level 4. HP: 27/27 MP: 4/4
   855 | D:2      | Found a faded altar of an unknown god.
   941 | D:2      | Reached skill level 3 in Fighting
  1308 | D:2      | Found Wummifo's Magic Scroll Boutique.
  1312 | D:2      | 1312 ||| SHOPLISTING 3 scrolls of acquirement (1560 gold,
                  | have 50).
  1312 | D:2      | 1312 ||| BUYING scroll of identify (20 gold).
  1312 | D:2      | Bought a scroll of identify for 20 gold pieces
  1312 | D:2      | 1312 ||| BUYING scroll of teleportation (30 gold).
  1312 | D:2      | Bought a scroll of teleportation for 30 gold pieces
  1312 | D:2      | 1312 ||| SHOPLISTING scroll of teleportation (30 gold, have
                  | 0).
  1312 | D:2      | 1312 ||| DRINKING 2 murky orange potions.
  1320 | D:2      | 1320 ||| DROPPING potion of ambrosia.
  1368 | D:3      | Noticed Jessica
  1371 | D:3      | Killed Jessica
  1643 | D:3      | 1643 ||| Stepping ~*~*~tactically~*~*~ (outnumbered).
  1655 | D:3      | Reached XP level 5. HP: 16/32 MP: 5/5
  1767 | D:3      | Found a runed translucent door.
  1768 | D:3      | Noticed Crazy Yiuf
  1955 | D:3      | HP: 6/32 [gnoll/+0 club (6)]
  1956 | D:3      | 1956 ||| READING scroll of teleportation.
  1957 | D:3      | HP: 1/32 [gnoll/+0 club (5)]
  1958 | D:3      | Slain by a gnoll

Levels and vault maps discovered:
D:1:      lightli_arrival_noodles, layout_loops_ring
D:2:      layout_basic, serial_shops, nicolae_shop_back_alley_shop,
          basic_ecumenical_altar, chequers_serial_rivers_small_b
D:3:      layout_basic, uniq_crazy_yiuf_cottage, uniq_jessica

Skill      XL: |  1  2  3  4 |
---------------+-------------+-----
Armour         | 1 |  1.0
Ranged Weapons | 5 |  5.9
Fighting       | 3 |  3.0
Dodging        | |  1.5
Stealth        | |  1.1

Action                     |  1- 3 |  4- 6 || total
---------------------------+-------+-------++-------
   Fire: Shortbow          |    77 |    81 ||   158
    Use: Scroll            |     2 |     1 ||     3
         Potion            |       |     1 ||     1
 Armour: Leather armour    |     4 |       ||     4
         Ring mail         |     5 |    38 ||    43
  Dodge: Dodged            |    10 |    30 ||    40

Table legend:
 A = Non-vault XP
 B = Vault XP
 C = Vault XP percentage of total XP
 D = Non-vault monster count
 E = Vault monster count
 F = Vault count percentage of total count
                 A         B        C        D         E       F
            +---------+---------+-------+---------+---------+-------
      Total |     182 |      37 |  16.9 |      50 |       1 |   2.0
            +---------+---------+-------+---------+---------+-------
        D:1 |      34 |       0 |   0.0 |      18 |       0 |   0.0
        D:2 |      67 |       0 |   0.0 |      17 |       0 |   0.0
        D:3 |      81 |      37 |  31.4 |      15 |       1 |   6.2
            +---------+---------+-------+---------+---------+-------
